Map: Frozen Temple

Players

Ryuu

  • Race: Zerg Zerg
  • League: Master

Miszu - Winner!

  • Race: Terran Terran
  • League: Master

VOD

Have the link to the VOD?

Description

Time

  • Played on: July 3, 2016, 11:04 a.m.
  • Length: 9:19
Show
View Real Time Build Order
Export as new Build Order

Ryuu Zerg 

Build Orders: Hatch First, Muta Ling Bane 

Get SALT Encoding   

  12  0:01  Drone  
  13  0:12  Overlord  
  13  0:17  Drone  
  14  0:31  Drone x2  
  14  0:35  Drone  
  17  0:52  Hatchery  
  17  0:56  Drone  
  17  0:59  Drone  
  18  1:07  Extractor  
  17  1:16  Spawning Pool  
  16  1:20  Drone  
  16  1:23  Drone  
  18  1:29  Drone  
  19  1:39  Overlord  
  19  2:02  Queen  
  19  2:03  Zergling x4  
  19  2:04  Queen  
  19  2:05  Drone  
  26  2:09  Metabolic Boost  
  26  2:12  Drone  
  27  2:17  Drone  
  27  2:22  Drone  
  29  2:28  Drone  
  30  2:35  Drone  
  31  2:38  Queen  
  31  2:41  Overlord  
  33  2:49  Drone x2  
  35  2:54  Pneumatized Carapace  
  35  2:55  Drone  
  36  3:00  Drone  
  37  3:06  Drone  
  37  3:09  Drone  
  37  3:11  Drone  
  37  3:12  Drone x2  
  42  3:13  Drone x2  
  42  3:17  Overlord  
  44  3:30  Hatchery  
  44  3:33  Overlord  
  43  3:38  Roach Warren  
  42  3:44  Lair  
  42  3:48  Queen  
  42  3:53  Drone x3  
  42  3:55  Drone  
  48  3:57  Extractor  
  48  4:00  Extractor, Drone x2  
  48  4:02  Drone  
  49  4:04  Drone  
  49  4:09  Overlord  
  50  4:12  Drone x2  
  50  4:15  Extractor  
  51  4:19  Roach x2  
  51  4:20  Roach  
  51  4:22  Roach  
  59  4:28  Queen  
  59  4:30  Drone  
  62  4:35  Zergling x6  
  62  4:37  Zergling x2  
  66  4:41  Overlord  
  66  4:48  Drone  
  66  4:49  Spore Crawler  
  65  4:55  Zergling x6  
  57  5:07  Queen  
  59  5:16  Spire, Drone x3  
  59  5:21  Drone  
  62  5:25  Drone x2  
  64  5:35  Drone x5  
  69  5:45  Drone  
  69  5:47  Baneling Nest  
  69  5:49  Roach x2  
  73  5:50  Overlord  
  70  6:04  Spore Crawler x2  
  70  6:09  Drone  
  70  6:10  Drone  
  70  6:14  Drone x3  
  69  6:23  Drone x3  
  67  6:30  Drone  
  67  6:31  Drone x4  
  71  6:36  Queen  
  71  6:38  Overlord  
  72  6:46  Evolution Chamber x2  
  70  6:57  Drone x4  
  74  7:03  Drone  
  74  7:04  Queen, Drone x3  
  74  7:07  Drone x3  
  83  7:10  Overlord  
  83  7:17  Zerg Flyer Weapons Level 1  
  83  7:19  Zerg Melee Weapons Level 1, Zerg Ground Armor Level 1  
  83  7:25  Extractor x2, Centrifical Hooks  
  83  7:27  Drone  
  83  7:28  Drone x2  
  84  7:34  Drone x3  
  84  7:35  Drone  
  88  7:41  Hatchery  
  87  7:47  Mutalisk x3  
  87  7:49  Mutalisk  
  95  7:52  Overlord  
  95  8:00  Overlord  
  95  8:05  Mutalisk  
  95  8:08  Baneling  
  95  8:09  Baneling x3  
  95  8:11  Mutalisk x3  
  95  8:12  Mutalisk  
  105  8:14  Zergling x2  
  105  8:15  Overlord x2  
  106  8:20  Zergling x8  
  106  8:26  Zergling x8  
  114  8:29  Overlord  
  114  8:30  Overlord  
  113  8:36  Zergling x2  
  113  8:37  Zergling x6  
  113  8:40  Baneling x3  
  113  8:41  Baneling x2  
  117  8:43  Zergling x2  
  117  8:44  Zergling x6  
  111  8:50  Zergling x8  
  111  8:53  Baneling  
  111  8:54  Baneling x2  
Show
View Real Time Build Order
Export as new Build Order

Miszu Terran - Winner!

Build Orders: MMM Bio 

Get SALT Encoding   

  12  0:00  SCV  
  13  0:12  SCV  
  14  0:17  Supply Depot  
  14  0:25  SCV  
  15  0:39  SCV  
  15  0:41  Barracks  
  16  0:44  Refinery  
  16  0:51  SCV  
  17  1:03  SCV  
  18  1:15  SCV  
  19  1:28  Orbital Command  
  19  1:29  Barracks Reactor  
  19  1:42  Command Center  
  19  1:54  SCV  
  20  2:02  Supply Depot  
  20  2:05  Factory  
  20  2:08  SCV  
  21  2:12  Refinery  
  21  2:16  Marine  
  21  2:18  Marine  
  23  2:24  SCV  
  24  2:34  Marine  
  24  2:36  Marine  
  26  2:40  SCV  
  26  2:43  Supply Depot  
  27  2:50  Starport  
  27  2:52  SCV  
  27  2:53  Marine  
  27  2:55  Factory Reactor  
  29  3:04  Orbital Command  
  29  3:08  SCV  
  29  3:09  Marine  
  31  3:12  Marine  
  32  3:20  SCV  
  32  3:24  Orbital Command  
  33  3:27  Marine  
  33  3:30  Marine  
  35  3:37  SCV  
  36  3:41  Medivac x2, Widow Mine  
  36  3:47  Supply Depot  
  42  3:49  SCV  
  42  3:50  SCV  
  42  3:53  Marine x2  
  46  4:01  SCV  
  46  4:02  SCV  
  48  4:13  Command Center, SCV  
  48  4:15  Liberator  
  49  4:18  Marine x2  
  49  4:19  SCV  
  49  4:20  Liberator  
  49  4:22  Supply Depot  
  52  4:25  SCV  
  52  4:30  Factory Tech Lab  
  53  4:31  SCV  
  60  4:39  SCV  
  60  4:43  SCV  
  60  4:44  Refinery  
  62  4:46  Refinery  
  59  5:02  SCV x2  
  59  5:03  Marine x2  
  59  5:04  Siege Tank  
  64  5:14  SCV x2  
  64  5:22  Engineering Bay, Barracks  
  64  5:23  Barracks  
  64  5:26  Engineering Bay, SCV  
  66  5:29  SCV  
  66  5:30  Orbital Command  
  66  5:36  Marine x2  
  66  5:38  Siege Tank, SCV  
  72  5:43  SCV  
  73  5:50  Terran Infantry Weapons Level 1, SCV  
  73  5:53  Terran Infantry Armor Level 1  
  73  5:56  SCV  
  75  6:00  SCV  
  74  6:10  Barracks, SCV  
  74  6:11  Barracks, SCV  
  74  6:14  SCV  
  74  6:17  Liberator x2  
  76  6:21  Barracks Tech Lab x2  
  76  6:22  SCV  
  76  6:23  SCV  
  76  6:24  Armory  
  76  6:34  SCV  
  76  6:38  Orbital Command  
  82  6:45  Marine x2, Combat Shields  
  82  6:46  Stimpack  
  84  6:47  Missile Turret  
  84  6:48  Missile Turret  
  84  6:50  Bunker  
  84  6:52  SCV  
  85  6:57  Supply Depot, SCV  
  85  7:00  Missile Turret  
  86  7:02  Supply Depot, Liberator  
  86  7:03  Supply Depot  
  86  7:04  SCV x2  
  86  7:06  Barracks Reactor  
  86  7:07  Barracks Reactor  
  88  7:09  SCV  
  89  7:16  SCV  
  89  7:21  Marine x2  
  89  7:22  Marine x2, Refinery  
  97  7:23  SCV  
  97  7:25  Supply Depot, Refinery, SCV  
  97  7:27  Supply Depot  
  97  7:28  SCV  
  100  7:35  SCV  
  101  7:37  SCV, Armory  
  101  7:39  Marine x3  
  101  7:40  SCV  
  106  7:47  SCV  
  106  7:48  Supply Depot, Marine x2  
  106  7:49  SCV  
  106  7:50  Medivac  
  112  7:53  Marine  
  113  7:59  Marine  
  113  8:00  Marine x3  
  113  8:05  Supply Depot, Marine x2  
  117  8:06  Supply Depot  
  117  8:11  Marine x2  
  121  8:17  Marine  
  122  8:21  Marine x3  
  122  8:23  Marine x2  
  127  8:28  Barracks  
  127  8:29  Marine x2  
  127  8:31  Barracks  
  127  8:32  Barracks  
  129  8:35  Marine  
  129  8:39  Marine x2  
  129  8:40  Marauder  
  129  8:41  Marine x2  
  137  8:47  Marine x2  
  129  9:15  Supply Depot x2  
  131  9:17  Supply Depot  
  129  9:18  Supply Depot  
Tags
 
Add a new tag
Caveats
  • Supply blocks, unpowered buildings, or Contaminate may cause inaccurate times.
  • Supply counts are checked every 10 seconds.